 Dungeon Crawl Stone Soup version 0.24.0-1-gfbc8707122 (webtiles) character file.

Game seed: 7669474946208652285, levelgen mode: deterministic

13820 MirrMurr the Archer (level 11, -7/156 HPs)
             Began as a Centaur Berserker on Oct 25, 2019.
             Was a High Priest of Trog.
             Mangled by a white ugly thing (30 damage)
             ... on level 11 of the Dungeon.
             The game lasted 00:28:27 (11094 turns).

MirrMurr the Archer (Centaur Berserker)            Turns: 11094, Time: 00:28:28

Health: -7/156     AC: 16    Str: 27    XL:     11   Next: 80%
Magic:  11/11      EV:  7    Int:  6    God:    Trog [*****.]
Gold:   804        SH:  0    Dex: 10    Spells: 10/10 levels left

rFire    . . .     SeeInvis +   b - +0 trident
rCold    . . .     Gourm    .   (no shield)
rNeg     . . .     Faith    .   s - +0 chain mail
rPois    .         Spirit   .   H - +2 hat {MR+}
rElec    .         Reflect  .   w - +1 cloak
rCorr    .         Harm     .   (no gloves)
MR       +....                  q - +1 centaur barding
Stlth    ..........             (no amulet)
HPRegen  0.36/turn              z - ring of see invisible
MPRegen  0.12/turn              A - +3 ring of evasion

@: berserking, very quick
A: large, hooves 3, deformed body, speed 2, tough skin 3
a: Berserk, Trog's Hand, Brothers in Arms, Renounce Religion


You were on level 11 of the Dungeon.
You worshipped Trog.
Trog was extremely pleased with you.
You were near starving.

You visited 2 branches of the dungeon, and saw 12 of its levels.

You collected 804 gold pieces.

Inventory:

Hand Weapons
 a - a +0 shortbow
 b - a +0 trident (weapon)
 I - the +6 quarterstaff of Kismet {flame, Int-3 Dex+6, unknown}
   (You found it on level 8 of the Dungeon)

   It has been specially enchanted to burn those struck by it, causing extra
   injury to most foes and up to half again as much damage against particularly
   susceptible opponents.
   It affects your intelligence (-3).
   It affects your dexterity (+6).
Missiles
 j - 195 arrows
 k - 321 stones (quivered)
 m - 42 poisoned darts
 n - a throwing net {!f}
 L - 8 curare-tipped darts
Armour
 f - a +0 helmet
 q - a +1 centaur barding (worn)
 s - a +0 chain mail (worn)
 w - a +1 cloak (worn)
 H - a +2 hat of magic resistance (worn)
Jewellery
 x - an uncursed ring of resist corrosion
 z - a ring of see invisible (left hand)
 A - a +3 ring of evasion (right hand)
Wands
 i - a wand of polymorph (21)
 l - a wand of random effects (22)
 y - a wand of flame (18)
 G - a wand of digging (4)
 J - a wand of iceblast (5)
Scrolls
 g - a scroll of fear {unknown}
 h - a scroll of immolation
 r - 2 scrolls of remove curse
 u - a scroll of identify
 v - 3 scrolls of enchant weapon
 E - a scroll of magic mapping
 F - 3 scrolls of teleportation
Potions
 d - a potion of ambrosia
 e - 2 potions of flight
 o - a potion of mutation {unknown}
 p - a potion of lignification
 t - 3 potions of curing
 B - 2 potions of heal wounds
 C - a potion of haste
 D - 2 potions of might {unknown}
Comestibles
 c - 18 rations


   Skills:
 + Level 12.1 Fighting
 - Level 9.6 Polearms
 - Level 14.0 Bows
 - Level 1.3 Armour
 - Level 1.3 Dodging


You had 10 spell levels left.
You didn't know any spells.
Your spell library was empty.

Dungeon Overview and Level Annotations

Branches:
Dungeon (11/15)            Temple (1/1) D:5            Lair (0/6) D:10
    Orc (0/2) D:10

Altars:
Ashenzari
Cheibriados
Dithmenos
Gozag
Hepliaklqana
Kikubaaqudgha
Nemelex Xobeh
Uskayaw
The Shining One

Shops:
D:4 *   D:8 *   D:9 [   D:11 ([

Annotations:
D:6 2 runed translucent doors, Mrkan's ghost, novice DrBe


Innate Abilities, Weirdness & Mutations

You have hooves in place of feet.
Armour fits poorly on your strangely shaped body.
You cover ground very quickly.
You have extremely tough skin. (AC +3)


Message History

Snorg is almost dead.
Snorg bites you!
* * * LOW HITPOINT WARNING * * *
Snorg completely misses you. Snorg claws you!
* * * LOW HITPOINT WARNING * * *
You hit Snorg. You kick Snorg.
You kill Snorg!
Trog accepts your kill.
Your Fighting skill increases to level 12!
You impale the ogre!!
You kill the ogre!
Trog accepts your kill.
You hit the white ugly thing.
The white ugly thing is lightly wounded.
You barely miss the white ugly thing. Your kick misses the white ugly thing.
The white ugly thing is lightly wounded.
The white ugly thing pecks you!
* * * LOW HITPOINT WARNING * * *
The white ugly thing freezes you!!
You die...

#..........#
##.........##
#...........#
#.#.#####...# #.#..##
#...# #.#≈≈≈###...#
#.≈≈≈≈≈##...##### ##.#.
#...∩≈≈##.......#......
#.≈≈≈≈≈....###.@u......
#.#≈≈≈.###.# #.).......
##.####.###.# #.........
.........##.# #.........
##.#####.##.###.##...$.#
....................((.#
#..#####..#.###........+
#..# ##.#.#######...(#
#..######[#........


You could see a white ugly thing.

Vanquished Creatures
  Gastronok (D:9)
  Snorg (D:11)
  A hydra (D:10)
  An unseen horror (D:11)
  A gargoyle (D:10)
  A troll (D:11)
  Grinder (D:4)
  A hippogriff (D:8)
  A wyvern (D:9)
  7 yaks
  Eustachio (D:5)
  A basilisk (D:10)
  3 hogs (D:7)
  A human (D:7)
  Menkaure (D:4)
  2 water moccasins (D:9)
  5 porcupines (D:10)
  An ice beast (D:10)
  A sky beast (D:10)
  3 orc warriors
  4 phantoms
  7 black bears
  An eye of draining (D:10)
  3 wolves (D:10)
  3 centaurs
  A necrophage (D:10)
  6 ogres
  2 crocodiles
  3 big kobolds
  8 bullfrogs
  2 wyvern zombies (D:7)
  3 scorpions
  A water moccasin skeleton (D:4)
  4 killer bees
  8 wights
  An electric eel (D:11)
  A howler monkey (D:8)
  3 jellies
  6 crimson imps
  2 quasits
  5 hounds
  5 centaur skeletons
  10 orc priests
  Crazy Yiuf (D:5)
  2 bullfrog skeletons
  12 orc wizards
  Natasha (thrice) (D:4)
  7 iguanas
  10 worker ants
  2 hound zombies
  2 hound skeletons
  A worker ant zombie (D:7)
  4 gnolls (D:4)
  10 adders
  3 shadow imps
  An ooze (D:3)
  An adder skeleton (D:7)
  An adder zombie (D:1)
  4 dart slugs
  4 leopard geckos
  37 orcs
  A ball python (D:4)
  10 bats
  2 giant cockroaches
  12 goblins
  8 hobgoblins (D:1)
  14 jackals
  9 quokkas
  5 frilled lizards
  A giant cockroach zombie (D:5)
  16 kobolds
  A quokka skeleton (D:7)
  A quokka zombie (D:1)
  7 rats
  2 plants (D:10)
318 creatures vanquished.

Vanquished Creatures (others)
  2 fungi (D:10)
  7 plants (D:10)
9 creatures vanquished.

Grand Total: 327 creatures vanquished

Notes
Turn   | Place    | Note
-------+----------+-------------------------------------------
     0 | D:1      | MirrMurr the Centaur Berserker began the quest for the Orb.
     0 | D:1      | Reached XP level 1. HP: 19/19 MP: 1/1
    91 | D:1      | Reached XP level 2. HP: 25/26 MP: 2/2
   180 | D:1      | Reached ** piety under Trog
   187 | D:1      | Reached XP level 3. HP: 27/31 MP: 3/3
   899 | D:2      | Reached XP level 4. HP: 39/40 MP: 4/4
  1544 | D:3      | Noticed an orc warrior
  1625 | D:3      | Reached XP level 5. HP: 34/46 MP: 5/5
  1709 | D:3      | Killed an orc warrior
  1709 | D:3      | Reached skill level 5 in Polearms
  2171 | D:3      | Reached XP level 6. HP: 53/53 MP: 6/6
  2417 | D:4      | Reached *** piety under Trog
  2428 | D:4      | Noticed Menkaure
  2428 | D:4      | Noticed Natasha
  2690 | D:4      | Reached skill level 5 in Fighting
  2707 | D:4      | Found a shadowy altar of Dithmenos.
  2782 | D:4      | Killed Menkaure
  2782 | D:4      | Reached XP level 7. HP: 38/61 MP: 7/7
  2855 | D:4      | Killed Natasha
  2884 | D:4      | Noticed Natasha
  2894 | D:4      | Killed Natasha
  2903 | D:4      | Noticed Natasha
  2913 | D:4      | Killed Natasha
  2926 | D:4      | Found Plog's Assorted Antiques.
  2932 | D:4      | Noticed Grinder
  2945 | D:4      | Killed Grinder
  3090 | D:4      | Reached XP level 8. HP: 68/70 MP: 8/8
  3317 | D:5      | Entered Level 5 of the Dungeon
  3420 | D:5      | Found a staircase to the Ecumenical Temple.
  3440 | D:5      | Found a glowing golden altar of the Shining One.
  3449 | Temple   | Entered the Ecumenical Temple
  3867 | D:5      | Noticed Eustachio
  3882 | D:5      | Killed Eustachio
  4000 | D:5      | Found an ancient bone altar of Kikubaaqudgha.
  4133 | D:5      | Found a runed translucent door.
  4134 | D:5      | Noticed Crazy Yiuf
  4272 | D:5      | Killed Crazy Yiuf
  4469 | D:6      | Found a runed translucent door.
  4469 | D:6      | Noticed Mrkan's ghost (novice DrBe)
  4489 | D:6      | Found a runed translucent door.
  4589 | D:6      | Found a hide-covered altar of Uskayaw.
  4679 | D:6      | Reached XP level 9. HP: 74/79 MP: 9/9
  5094 | D:7      | Reached **** piety under Trog
  5102 | D:7      | Reached skill level 1 in Bows
  5111 | D:7      | Reached skill level 2 in Bows
  5320 | D:7      | Reached skill level 3 in Bows
  5323 | D:7      | Reached skill level 4 in Bows
  5330 | D:7      | Reached skill level 5 in Bows
  5430 | D:7      | Reached skill level 6 in Bows
  5672 | D:7      | Reached skill level 7 in Bows
  6076 | D:7      | Reached XP level 10. HP: 88/90 MP: 10/10
  6134 | D:7      | Identified Icod's Handbook of Ensnaring Transformation
  6296 | D:8      | Found a snail-covered altar of Cheibriados.
  6301 | D:8      | Found a sparkling altar of Nemelex Xobeh.
  6319 | D:8      | Reached skill level 8 in Bows
  6434 | D:8      | Found a hazy altar of Hepliaklqana.
  6575 | D:8      | Reached skill level 9 in Bows
  6877 | D:8      | Found Gozag's Platinum Reserve.
  7345 | D:8      | Found an opulent altar of Gozag.
  7430 | D:8      | Got a scorched quarterstaff
  7559 | D:9      | Reached skill level 10 in Bows
  7669 | D:9      | Found Hiuxtuci's Armour Shoppe.
  7972 | D:9      | Upgraded the game from 0.24.0 to 0.24.0-1-gfbc8707122
  8009 | D:9      | Reached skill level 11 in Bows
  8098 | D:9      | Noticed Gastronok
  8147 | D:9      | Killed Gastronok
  8147 | D:9      | Reached skill level 10 in Fighting
  8147 | D:9      | Reached skill level 12 in Bows
  8147 | D:9      | Reached XP level 11. HP: 100/100 MP: 11/11
  8237 | D:9      | Found a snail-covered altar of Cheibriados.
  8634 | D:10     | Entered Level 10 of the Dungeon
  8689 | D:10     | Received a gift from Trog
  8813 | D:10     | Noticed a seven-headed hydra
  9419 | D:9      | Reached ***** piety under Trog
  9419 | D:9      | Received a gift from Trog
  9817 | D:10     | Killed a seven-headed hydra
  9817 | D:10     | Reached skill level 13 in Bows
  9871 | D:10     | Received a gift from Trog
 10281 | D:10     | Reached skill level 14 in Bows
 10337 | D:10     | Found a staircase to the Lair.
 10435 | D:10     | Found a staircase to the Orcish Mines.
 10519 | D:10     | Received a gift from Trog
 10768 | D:11     | Found Ovveud's Antique Armour Shoppe.
 10803 | D:11     | Found a shattered altar of Ashenzari.
 10818 | D:11     | Noticed an unseen horror
 10829 | D:11     | Killed an unseen horror
 11024 | D:11     | Found Zoneho's Antique Weapon Boutique.
 11072 | D:11     | Noticed Snorg
 11084 | D:11     | Noticed a white ugly thing
 11090 | D:11     | Killed Snorg
 11094 | D:11     | Mangled by a white ugly thing

Levels and vault maps discovered:
D:1:      saegor_arrival_fortress, layout_basic
D:2:      layout_rooms
D:3:      layout_loops_ring
D:4:      layout_rooms, nicolae_dithmenos_through_a_glass_darkly, serial_shops,
          shop, first_ration, uniq_menkaure, uniq_grinder, uniq_natasha
D:5:      layout_gridville, kennysheep_little_box,
          nicolae_overflow_hidden_temple, minmay_temple_entry_statues_fountains,
          uniq_eustachio, uniq_crazy_yiuf_cottage
D:6:      layout_basic, marbit_many_paths, ebering_ghost_sewer_f
D:7:      layout_rooms, chequers_serial_rivers_small_a, grunt_livestock,
          minmay_diced_spiral
D:8:      layout_cave_pools, grunt_temple_overflow_open,
          nicolae_gozag_zags_fifth_avenue
D:9:      layout_loops_ring, serial_shops, shop, cheibriados_altar_1,
          uniq_gastronok
D:10:     layout_rooms, minmay_lair_entry_grove
D:11:     layout_basic, serial_shops, shop, nicolae_shop_waterfront, shop,
          nicolae_shop_stone, shop, ashenzari_altar_1, uniq_snorg
Temple:   minmay_temple_bridge_abc

Skill      XL: |  1  2  3  4  5  6  7  8  9 10 11 |
---------------+----------------------------------+-----
Polearms       | 3 4 5 6 7 9 |  9.6
Fighting       | 4 5 6 7 8 10 12 | 12.1
Bows           | 7 12 14 | 14.0
Armour         | |  1.3
Dodging        | |  1.3

Action                   |  1- 3 |  4- 6 |  7- 9 | 10-12 || total
-------------------------+-------+-------+-------+-------++-------
Melee: Spear             |   140 |   195 |   429 |    11 ||   775
       Kick              |    24 |    39 |   104 |    47 ||   214
       Trident           |       |       |       |   105 ||   105
       Unarmed           |       |       |       |     7 ||     7
 Fire: Shortbow          |       |       |   108 |   702 ||   810
Invok: Trog's Hand       |       |     5 |     7 |     4 ||    16
       Berserk           |       |     2 |     6 |     4 ||    12
  Use: Scroll            |     4 |     2 |     4 |    11 ||    21
  Eat: Chunk             |       |     6 |    16 |    16 ||    38
       Ration            |       |     1 |       |       ||     1
Armor: Animal skin       |    38 |       |       |       ||    38
       Scale mail        |     6 |    71 |   165 |    69 ||   311
       Chain mail        |       |       |       |   135 ||   135
       Skin              |       |       |       |     1 ||     1
Dodge: Dodged            |    34 |    46 |    87 |   119 ||   286
